Description

Now originally PvP seemed like it was going to be a bit of a cluster fuck of early game all ins, however with the addition of the shield battery, this shouldn’t be something to worry about. This is an extremely safe and solid style that will get an expansion early and defend it well.

Replay - ShoWTimE v Socke: Game 1 - Blackpink LE

Build Order

Get SALT Encoding   

  1  0:00  Probe x2 (Chrono Boost)  
  14  0:18  Pylon  
  14  0:23  Probe (Chrono Boost)  
  15  0:36  Gateway  
  15  0:38  Probe (Chrono Boost)  
  16  0:43  Assimilator  
  17  0:50  Probe (Chrono Boost)  
  17  0:52  Assimilator  
  17  0:59  Probe (Chrono Boost)  
  18  1:04  Gateway  
  18  1:05  Probe (Chrono Boost)  
  19  1:16  Probe (Chrono Boost)  
  20  1:24  Cybernetics Core  
  20  1:28  Probe (Chrono Boost)  
  21  1:33  Pylon  
  22  1:40  Probe (Chrono Boost)  
  22  1:51  Warp Gate  
  23  2:00  Adept x2  
  27  2:27  Stalker x2  
  31  2:38  Nexus  
  31  2:44  Pylon  
  31  2:58  Robotics Facility  
  31  3:05  Sentry  
  36  3:13  Sentry  
  35  3:24  Twilight Council  
  36  3:32  Pylon  
  37  3:47  Shield Battery  
  35  3:50  Observer  
  35  3:55  Shield Battery  
  38  4:03  Blink  
  40  4:15  Immortal, Phoenix  
  48  4:33  Pylon  
  51  4:46  Forge  
  51  4:51  Assimilator  
  53  5:05  Immortal  
  60  5:19  Protoss Ground Weapons Level 1, Assimilator  
  63  5:29  Gateway x2  
  63  5:35  Gateway x2  
  63  5:37  Phoenix  
  63  5:47  Immortal  
  67  5:53  Gateway x2  
  67  5:58  Resonating Glaives  
  67  6:15  Templar Archives  
  67  6:21  Warp Prism  
  67  6:22  Nexus  
  69  6:46  Adept x3  
  75  6:53  High Templar x4  
  81  6:58  Archon x2  
  83  7:05  Shield Battery  
  85  7:19  Adept x4  
  93  7:31  Shield Battery  
  93  7:32  High Templar x2  
  93  7:36  Archon  
  97  7:37  Adept  
  105  8:05  Sentry, Shield Battery x2  
  107  8:23  Stalker  
  85  8:40  Immortal  
  81  8:56  Stalker x2  
  83  9:04  Stalker x2  
  91  9:31  Sentry  
  91  9:32  Stalker x3  
Spawning Tool Build Advisor. Get it on Overwolf

Analysis


Build Explanation


For this PvP build I offered two versions of it. One is the baseline version that ShoWTimE used vs. another passive opener which gives you a good idea of how the build is meant to go, and the other is an altered version that is a bit safer if you end up scouting any sort of incoming aggression. It also features a different follow up if you would like to try out some different mid game compositions.

This is basically the 4.0 altered 2gate safe expand. It works essentially the same as before, however it’ll need some small tweaks since you no longer need to spend 100/100 on a MSCore for protection. Since there are no overcharges to stop early adept shades, early adepts have become much more powerful. To combat this, some slight changes will need to be made to your early game defense. From now on, you should be walling at the top of your main ramp with your first pylon and two gateways and leaving a probe at the gap after expanding. This allows you to build a building in the gap as the shades attempt to shade in, and then cancel it when they cancel their shades. If you do not do this, the adepts will one shot your probes, thus making shield batteries ineffective. However, that doesn’t mean you shouldn’t build those either. To be extra safe against adepts and oracles or any other pressure, you should build one shield battery in your main mineral line early on (around 2:30 in game time). Oracles four shot probes now with shield battery support, and a single adept basically will never kill a probe by itself with a shield battery if you have units fighting it. They are very strong buildings and should not be underestimated.

Now that we know the new additions to early game PvP, this explains why this opener starts with adepts. If your opponent did NOT take these precautions, then you may very well win the game with your first two adepts. You could gain an incredible early lead that is easily snowballed for a victory later on. They also allow for some early game scouting to check if they have expanded or not, which can help you determine if you need extra shield batteries or not. Following the two adepts are two stalkers, and then two sentries for defense and a follow up hallucinated phoenix scout. After expanding (you will be supply blocked on 31 with this build since ShoWTimE decides to get many units out early) you then get a Robo as well to start your tech progression, and a Twilight Council follows that up shortly as well for blink. A forge and immortal production, along with two extra gates, will complete the general setup of this opening which is basically identical to how people have been opening in PvP for the last few months.

Depending on what you scout with hallucinated phoenixes, you can decide to make even more gateways and take a slightly later expand like ShoWTimE does this game, or you can expand a bit earlier and then get the extra gateways. It’s dependent on what you think is a better option on a game by game basis. After that, you can then tech up to a normal chargelot/immortal/archon composition as has been so popular recently. ShoWTimE goes for adepts in this game, but I believe chargelots would have been a better option to go for.

For the defensive variation of the build, it basically just delays everything to get some faster immortals and more shield batteries out. Socke went for a blink aggression and ShoWTimE defended easily with immortals and shield batteries. He then teched up to blink and disruptors . You could very easily do a disruptor follow up with the baseline build as well, since it doesn’t seem set in stone which are the correct unit compositions to go for in PvP at the moment. Disruptors are still very strong if used properly, colossi seem to also be good vs heavy chargelot compositions, but chargelot/immortal/archon still has a great brute force ability that can break a lot of players before they have the proper composition. So try some different styles out, use this build as a general guideline, and build LOTS of shield batteries if you’re getting all inned.

Go to:

Details

Become a Patron
  • Created by: Gemini_19    
  • Published on: Nov 16, 2017
  • Modified on: Nov 17, 2017
  • Patch: 4.0.0
Show
View Real Time Build Order
Export as new Build Order

Comments (1)

On Nov. 8, 2023, 7:32 a.m., zmaj  said:

I've been practicing this build and noticed that pylon at 36 supply isn't necessary because 2nd nexus finishes in time. Because of that you have enough minerals for a 3rd stalker instead of the 2nd sentry. That means you have more gas and earlier immortal.

Create an account to comment!